SR
MOOSE JAW CANUCKS @ STATEN ISLAND PIZZA RATS
09/06/2033
 
TOP OF THE 1ST
Moose Jaw Canucks batting - Pitching for Staten Island Pizza Rats : RHP Roque Moreco
Pitching: RHP Roque Moreco
Batting: RHB Du-yang Zhu 0-0: Ball
1-0: Fly out, F7 (Flyball, 7LS)
Batting: RHB An-te-hai Qing 0-0: Foul Ball, location: 2F
0-1: Ball
1-1: Ball
2-1: Fly out, F9 (Flyball, 9S)
Batting: RHB Peer Kattenberg 0-0: Fly out, F6 (Popup, 4MD)
Top of the 1st over - 0 runs, 0 hits, 0 errors, 0 left on base; Moose Jaw 0 - Staten Island 0
BOTTOM OF THE 1ST
Staten Island Pizza Rats batting - Pitching for Moose Jaw Canucks : LHP Calle Lagerkvist
Pitching: LHP Calle Lagerkvist
Batting: LHB Wilson Sabadodíaz 0-0: Ball
1-0: Ball
2-0: Ground out 5-3 (Groundball, 56S)
Batting: SHB Chris Piña 0-0: Called Strike
0-1: Ball
1-1: Ball
2-1: Ball
3-1: Base on Balls
Batting: RHB Jesús Corona 0-0: Ball
1-0: Called Strike
1-1: Ball
2-1: Foul Ball, location: 2F
2-2: Ball
3-2: Ground out 6-3 (Groundball, 6M)
Chris Piña to second
Batting: LHB Luis Aguilar 0-0: Called Strike
0-1: Swinging Strike
0-2: Strikes out swinging
Bottom of the 1st over - 0 runs, 0 hits, 0 errors, 1 left on base; Moose Jaw 0 - Staten Island 0
TOP OF THE 2ND
Moose Jaw Canucks batting - Pitching for Staten Island Pizza Rats : RHP Roque Moreco
Batting: RHB Qi-chao Di 0-0: Fly out, F9 (Flyball, 9S)
Batting: RHB Tim O'Brian 0-0: Foul Ball, location: 2F
0-1: Called Strike
0-2: Foul Ball, location: 2F
0-2: SINGLE (Groundball, 6MD)
Batting: RHB Cord Hosenbeck 0-0: Ball
1-0: Called Strike
1-1: Swinging Strike
1-2: Strikes out swinging
Batting: RHB Gary Bruce 0-0: Ball
1-0: Ground out 3-1 (Groundball, 34S)
Top of the 2nd over - 0 runs, 1 hit, 0 errors, 1 left on base; Moose Jaw 0 - Staten Island 0
BOTTOM OF THE 2ND
Staten Island Pizza Rats batting - Pitching for Moose Jaw Canucks : LHP Calle Lagerkvist
Batting: LHB Don Mosley 0-0: Ball
1-0: Fly out, F4 (Popup, 4S)
Batting: RHB Doug Becker 0-0: Called Strike
0-1: Swinging Strike
0-2: Ball
1-2: SOLO HOME RUN (Flyball, 7D), Distance : 368 ft
Batting: LHB Ramiro Palmeiro 0-0: Called Strike
0-1: Foul Ball, location: 2F
0-2: Fly out, F4 (Popup, 4MD)
Batting: LHB Ismael Soto 0-0: Ball
1-0: Called Strike
1-1: Bunted foul
1-2: Ball
2-2: Ball
3-2: Ground out 4-3 (Groundball, 4)
Bottom of the 2nd over - 1 run, 1 hit, 0 errors, 0 left on base; Moose Jaw 0 - Staten Island 1
TOP OF THE 3RD
Moose Jaw Canucks batting - Pitching for Staten Island Pizza Rats : RHP Roque Moreco
Batting: RHB Bernardo Rodríguez 0-0: SINGLE (Groundball, 34S) (infield hit)
Batting: LHB Bryan Decker 0-0: Called Strike
0-1: Fly out, F8 (Flyball, 8LD)
Batting: RHB Du-yang Zhu 0-0: Called Strike
0-1: Ball
1-1: Swinging Strike
1-2: SINGLE (Groundball, 6MS) (infield hit)
Bernardo Rodríguez to second
Batting: RHB An-te-hai Qing 0-0: Ball
1-0: Foul Ball, location: 2F
1-1: Ball
2-1: Foul Ball, location: 2F
2-2: SINGLE (Line Drive, 78S)
Bernardo Rodríguez to third
Du-yang Zhu to second
Batting: RHB Peer Kattenberg 0-0: Called Strike
0-1: Reached on error, E5 (Groundball, 56S)
Bernardo Rodríguez scores
Du-yang Zhu to third
An-te-hai Qing to second
Batting: RHB Qi-chao Di 0-0: Called Strike
0-1: Ball
1-1: DOUBLE (Line Drive, 78D)
Du-yang Zhu scores
An-te-hai Qing scores
Peer Kattenberg to third
Batting: RHB Tim O'Brian 0-0: Called Strike
0-1: Swinging Strike
0-2: Ball
1-2: Foul Ball, location: 2F
1-2: Fly out, F7 (Flyball, 7)
Runner from 3rd tags up, SCORES, throw made
Batting: RHB Cord Hosenbeck 0-0: Called Strike
0-1: Ball
1-1: Fly out, F7 (Flyball, 7S)
Top of the 3rd over - 4 runs, 4 hits, 1 error, 1 left on base; Moose Jaw 4 - Staten Island 1
BOTTOM OF THE 3RD
Staten Island Pizza Rats batting - Pitching for Moose Jaw Canucks : LHP Calle Lagerkvist
Batting: SHB Ramón Galván 0-0: Swinging Strike
0-1: Ball
1-1: Foul Ball, location: 2F
1-2: Foul Ball, location: 2F
1-2: Ball
2-2: Fly out, F4 (Line Drive, 4)
Batting: LHB Wilson Sabadodíaz 0-0: Ball
1-0: Ball
2-0: Swinging Strike
2-1: Swinging Strike
2-2: Strikes out swinging
Batting: SHB Chris Piña 0-0: Foul Ball, location: 2F
0-1: Ball
1-1: Ball
2-1: Ball
3-1: Swinging Strike
3-2: Foul Ball, location: 2F
3-2: SOLO HOME RUN (Line Drive, 9D), Distance : 390 ft
Batting: RHB Jesús Corona 0-0: Ball
1-0: Ball
2-0: Called Strike
2-1: Ball
3-1: Base on Balls
Batting: LHB Luis Aguilar 0-0: Ball
1-0: SINGLE (Groundball, 6MD)
Jesús Corona to second
Runner from 2nd tries for 3rd, SAFE, no throw
Batting: LHB Don Mosley 0-0: Ball
1-0: Called Strike
1-1: Called Strike
1-2: DOUBLE (Line Drive, 9LM)
Jesús Corona scores
Luis Aguilar to third
Runner from 3rd tries for Home, SAFE, no throw
Batting: RHB Doug Becker 0-0: Swinging Strike
0-1: Ball
1-1: Swinging Strike
1-2: DOUBLE (Groundball, 3L)
Don Mosley scores
Batting: LHB Ramiro Palmeiro 0-0: Foul Ball, location: 2F
0-1: Called Strike
0-2: Ball
1-2: Fly out, F8 (Flyball, 89M)
Bottom of the 3rd over - 4 runs, 4 hits, 0 errors, 1 left on base; Moose Jaw 4 - Staten Island 5
TOP OF THE 4TH
Moose Jaw Canucks batting - Pitching for Staten Island Pizza Rats : RHP Roque Moreco
Batting: RHB Gary Bruce 0-0: Ball
1-0: Called Strike
1-1: SINGLE (Line Drive, 9LS)
Batting: RHB Bernardo Rodríguez 0-0: Called Strike
0-1: Swinging Strike
0-2: Foul Ball, location: 2F
0-2: Ball
1-2: Strikes out swinging
Batting: LHB Bryan Decker 0-0: Called Strike
0-1: Ball
1-1: Foul Ball, location: 2F
1-2: Ball
2-2: SINGLE (Line Drive, 7LS)
Gary Bruce to second
Batting: RHB Du-yang Zhu 0-0: Called Strike
Gary Bruce steals 3rd base
0-1: Foul Ball, location: 2F
0-2: Ball
1-2: Fly out, F8 (Flyball, 78M)
Runner from 3rd tags up, SCORES, throw made
Batting: RHB An-te-hai Qing 0-0: Called Strike
0-1: Foul Ball, location: 2F
0-2: Ball
1-2: Fly out, F1 (Line Drive, 13)
Top of the 4th over - 1 run, 2 hits, 0 errors, 1 left on base; Moose Jaw 5 - Staten Island 5
BOTTOM OF THE 4TH
Staten Island Pizza Rats batting - Pitching for Moose Jaw Canucks : LHP Calle Lagerkvist
Batting: LHB Ismael Soto 0-0: Ball
1-0: Ball
2-0: Ball
3-0: Called Strike
3-1: Ground out U3 (Groundball, 34)
Batting: SHB Ramón Galván 0-0: Ball
1-0: Foul Ball, location: 2F
1-1: Foul Ball, location: 2F
1-2: Strikes out swinging
Batting: LHB Wilson Sabadodíaz 0-0: Foul Ball, location: 2F
0-1: Ball
1-1: Foul Ball, location: 2F
1-2: Foul Ball, location: 2F
1-2: Ground out 5-3 (Groundball, 5)
Bottom of the 4th over - 0 runs, 0 hits, 0 errors, 0 left on base; Moose Jaw 5 - Staten Island 5
TOP OF THE 5TH
Moose Jaw Canucks batting - Pitching for Staten Island Pizza Rats : RHP Roque Moreco
Batting: RHB Peer Kattenberg 0-0: Ball
1-0: Ball
2-0: Called Strike
2-1: Called Strike
2-2: Foul Ball, location: 2F
2-2: Fly out, F9 (Flyball, 9)
Batting: RHB Qi-chao Di 0-0: Ball
1-0: Called Strike
1-1: Foul Ball, location: 2F
1-2: Ball
2-2: Foul Ball, location: 2F
2-2: Ball
3-2: Strikes out looking
Batting: RHB Tim O'Brian 0-0: Called Strike
0-1: Ball
1-1: Ball
2-1: SINGLE (Groundball, 56) (infield hit)
Batting: RHB Cord Hosenbeck 0-0: Ground out U3 (Groundball, 3L)
Top of the 5th over - 0 runs, 1 hit, 0 errors, 1 left on base; Moose Jaw 5 - Staten Island 5
BOTTOM OF THE 5TH
Staten Island Pizza Rats batting - Pitching for Moose Jaw Canucks : LHP Calle Lagerkvist
Batting: SHB Chris Piña 0-0: Ball
1-0: Swinging Strike
1-1: Swinging Strike
1-2: Ball
2-2: Ball
3-2: Ground out 1-3 (Groundball, 13)
Batting: RHB Jesús Corona 0-0: Ball
1-0: Swinging Strike
1-1: Ball
2-1: Foul Ball, location: 2F
2-2: SINGLE (Flyball, 8RS)
Batting: LHB Luis Aguilar 0-0: Called Strike
0-1: Foul Ball, location: 2F
0-2: Ball
1-2: Grounds into double play, 6-4-3 (Groundball, 6)
Bottom of the 5th over - 0 runs, 1 hit, 0 errors, 0 left on base; Moose Jaw 5 - Staten Island 5
TOP OF THE 6TH
Moose Jaw Canucks batting - Pitching for Staten Island Pizza Rats : RHP Roque Moreco
Batting: RHB Gary Bruce 0-0: Ball
1-0: Called Strike
1-1: Ball
2-1: Foul Ball, location: 2F
2-2: Ball
3-2: SINGLE (Groundball, 34D)
Batting: RHB Bernardo Rodríguez 0-0: Called Strike
0-1: Ball
1-1: Ball
2-1: Ball
3-1: Called Strike
3-2: SINGLE (Flyball, 7LS)
Gary Bruce to second
Gary Bruce to third
Batting: LHB Bryan Decker 0-0: Ball
1-0: Called Strike
1-1: Ball
2-1: Ball
3-1: Foul Ball, location: 2F
3-2: Base on Balls
Bernardo Rodríguez to second
Batting: RHB Du-yang Zhu 0-0: Grounds into fielders choice 3-2 (Groundball, 3)
Bernardo Rodríguez to third
Bryan Decker to second
Batting: RHB An-te-hai Qing 0-0: Ball
Wild Pitch!
Bernardo Rodríguez scores
Bryan Decker to third
Du-yang Zhu to second
1-0: Swinging Strike
1-1: Ball
2-1: Ball
3-1: Foul Ball, location: 2F
3-2: Foul Ball, location: 2F
3-2: Fly out, F7 (Flyball, 7S)
Pitching: LHP Julius Spry
Batting: RHB Peer Kattenberg 0-0: Ball
1-0: Called Strike
1-1: Ball
2-1: Foul Ball, location: 2F
2-2: Foul Ball, location: 2F
2-2: Ball
3-2: Base on Balls
Batting: RHB Qi-chao Di 0-0: Ball
1-0: Ball
2-0: Ball
3-0: Base on Balls
Bryan Decker scores
Du-yang Zhu to third
Peer Kattenberg to second
Batting: RHB Tim O'Brian 0-0: Called Strike
0-1: Ball
1-1: Ball
2-1: Ground out U3 (Groundball, 34)
Top of the 6th over - 2 runs, 2 hits, 0 errors, 3 left on base; Moose Jaw 7 - Staten Island 5
BOTTOM OF THE 6TH
Staten Island Pizza Rats batting - Pitching for Moose Jaw Canucks : LHP Calle Lagerkvist
Batting: LHB Don Mosley 0-0: Ball
1-0: Swinging Strike
1-1: Swinging Strike
1-2: Foul Ball, location: 2F
1-2: Strikes out swinging
Batting: RHB Doug Becker 0-0: Ball
1-0: Ground out 6-3 (Groundball, 6)
Batting: LHB Ramiro Palmeiro 0-0: Ball
1-0: Called Strike
1-1: Foul Ball, location: 2F
1-2: Strikes out swinging
Bottom of the 6th over - 0 runs, 0 hits, 0 errors, 0 left on base; Moose Jaw 7 - Staten Island 5
TOP OF THE 7TH
Moose Jaw Canucks batting - Pitching for Staten Island Pizza Rats : LHP Julius Spry
Batting: RHB Cord Hosenbeck 0-0: Called Strike
0-1: Ball
1-1: Ground out 4-3 (Groundball, 4)
Batting: RHB Gary Bruce 0-0: Swinging Strike
0-1: Swinging Strike
0-2: Strikes out swinging
Batting: RHB Bernardo Rodríguez 0-0: Swinging Strike
0-1: Ball
1-1: Ball
2-1: Ball
3-1: Swinging Strike
3-2: Foul Ball, location: 2F
3-2: Strikes out swinging
Top of the 7th over - 0 runs, 0 hits, 0 errors, 0 left on base; Moose Jaw 7 - Staten Island 5
BOTTOM OF THE 7TH
Staten Island Pizza Rats batting - Pitching for Moose Jaw Canucks : LHP Calle Lagerkvist
Batting: LHB Ismael Soto 0-0: Ball
1-0: Called Strike
1-1: Called Strike
1-2: Strikes out swinging
Batting: SHB Ramón Galván 0-0: Foul Ball, location: 2F
0-1: Foul Ball, location: 2F
0-2: Ball
1-2: Strikes out looking
Batting: LHB Wilson Sabadodíaz 0-0: Ball
1-0: Called Strike
1-1: Ball
2-1: Ground out 6-3 (Groundball, 6)
Bottom of the 7th over - 0 runs, 0 hits, 0 errors, 0 left on base; Moose Jaw 7 - Staten Island 5
TOP OF THE 8TH
Moose Jaw Canucks batting - Pitching for Staten Island Pizza Rats : LHP Julius Spry
Batting: LHB Bryan Decker 0-0: Ball
1-0: Ball
2-0: Called Strike
2-1: Swinging Strike
2-2: Foul Ball, location: 2F
2-2: Ball
3-2: Strikes out swinging
Batting: RHB Du-yang Zhu 0-0: Foul Ball, location: 2F
0-1: Foul Ball, location: 2F
0-2: Ball
1-2: Foul Ball, location: 2F
1-2: Ball
2-2: Ball
3-2: Strikes out swinging
Batting: RHB An-te-hai Qing 0-0: Ball
1-0: Swinging Strike
1-1: Ball
2-1: Ball
3-1: Called Strike
3-2: Base on Balls
Batting: RHB Peer Kattenberg 0-0: Ball
1-0: Ball
2-0: Ball
3-0: Base on Balls
An-te-hai Qing to second
Batting: RHB Qi-chao Di 0-0: Called Strike
0-1: Ball
1-1: SINGLE (Groundball, 34D)
An-te-hai Qing to third
Peer Kattenberg to second
Runner from 3rd tries for Home, SAFE, throw made home
Batting: RHB Tim O'Brian 0-0: Ball
1-0: Ball
2-0: SINGLE (Groundball, 6MD)
Peer Kattenberg to third
Qi-chao Di to second
Runner from 3rd tries for Home, SAFE, throw made at trailing runner, OUT at third!
Top of the 8th over - 2 runs, 2 hits, 0 errors, 1 left on base; Moose Jaw 9 - Staten Island 5
BOTTOM OF THE 8TH
Staten Island Pizza Rats batting - Pitching for Moose Jaw Canucks : LHP Calle Lagerkvist
Pitching: RHP Seppe Coussement
Batting: SHB Chris Piña 0-0: Ball
1-0: Swinging Strike
1-1: Ball
2-1: Foul Ball, location: 2F
2-2: Hit by Pitch
Batting: RHB Jesús Corona 0-0: Called Strike
0-1: Ball
1-1: Foul Ball, location: 2F
1-2: Ball
2-2: DOUBLE (Groundball, 5L)
Chris Piña to third
Batting: LHB Luis Aguilar 0-0: Ball
1-0: Swinging Strike
1-1: Called Strike
1-2: Strikes out swinging
Batting: LHB Don Mosley 0-0: Called Strike
0-1: Ball
1-1: Ball
2-1: Ball
3-1: Called Strike
3-2: Fly out, F9 (Flyball, 9S)
Batting: RHB Doug Becker 0-0: Ball
1-0: Foul Ball, location: 2F
1-1: Ball
2-1: Ball
3-1: Fly out, F7 (Flyball, 78M)
Bottom of the 8th over - 0 runs, 1 hit, 0 errors, 2 left on base; Moose Jaw 9 - Staten Island 5
TOP OF THE 9TH
Moose Jaw Canucks batting - Pitching for Staten Island Pizza Rats : LHP Julius Spry
Batting: RHB Cord Hosenbeck 0-0: Fly out, F9 (Flyball, 9S)
Batting: RHB Gary Bruce 0-0: Fly out, F8 (Line Drive, 8LD)
Pitching: RHP Tadao Tsukamoto
Batting: RHB Bernardo Rodríguez 0-0: Reached on error, E5 (Groundball, 5)
Batting: LHB Bryan Decker 0-0: Called Strike
0-1: Called Strike
0-2: Ball
1-2: SINGLE (Groundball, 4S) (infield hit)
Bernardo Rodríguez to second
Batting: RHB Du-yang Zhu 0-0: Foul Ball, location: 2F
0-1: Fly out, F9 (Flyball, 89M)
Top of the 9th over - 0 runs, 1 hit, 1 error, 2 left on base; Moose Jaw 9 - Staten Island 5
BOTTOM OF THE 9TH
Staten Island Pizza Rats batting - Pitching for Moose Jaw Canucks : RHP Seppe Coussement
Batting: LHB Ramiro Palmeiro 0-0: Foul Ball, location: 2F
0-1: Ball
1-1: Foul Ball, location: 2F
1-2: Fly out, F9 (Flyball, 89M)
Batting: LHB Ismael Soto 0-0: Ball
1-0: Ball
2-0: SINGLE (Line Drive, 34D)
Batting: SHB Ramón Galván 0-0: Foul Ball, location: 2F
0-1: Swinging Strike
0-2: Foul Ball, location: 2F
0-2: Ball
1-2: Strikes out swinging
Batting: LHB Wilson Sabadodíaz 0-0: Fly out, F9 (Flyball, 9D)
Bottom of the 9th over - 0 runs, 1 hit, 0 errors, 1 left on base; Moose Jaw 9 - Staten Island 5
Saturday, December 22nd, 2018 - OOTP Baseball 18.8 Build 76